 Dungeon Crawl Stone Soup version 0.30-a0-1043-g60ff8d5f49 (webtiles) character file.

Game seed: 9591270072918057823

1906 scionoferis the Slasher (level 9, -1/40 (48) HPs)
             Began as a Vine Stalker Fighter on Apr 10, 2023.
             Was a Believer of Uskayaw.
             Slain by a wight
             ... wielding a +1 great sword
              (8 damage)
             ... on level 7 of the Dungeon.
             The game lasted 00:13:54 (5636 turns).

scionoferis the Slasher (Vine Stalker Fighter)      Turns: 5636, Time: 00:13:55

HP:   -1/40 (48)    AC: 10    Str: 19    XL:     9   Next: 16%
MP:   0/14          EV:  7    Int:  8    God:    Uskayaw [**....]
Gold: 343           SH:  5    Dex: 18    Spells: 8/8 levels left

rFire   . . .      SeeInvis .    a - +0 falchion
rCold   . . .      Faith    .    c - +0 buckler
rNeg    . . .      Spirit   +    i - +0 chain mail
rPois   .          Reflect  .    G - +1 helmet
rElec   .          Rampage  .    (no cloak)
rCorr   .                        (no gloves)
Will    +....                    (no boots) Stlth
                                 (no amulet)
HPRegen 1.06/turn                (no ring)
MPRegen 0.14/turn                (no ring)

@: heavily drained
A: fangs 3, regeneration 1, magic shield, antimagic bite, no potion heal 2
a: Renounce Religion, Stomp, Line Pass


You were on level 7 of the Dungeon.
You worshipped Uskayaw.
Uskayaw was noncommittal.
You visited 2 branches of the dungeon, and saw 8 of its levels.
You also visited: Ossuary.

You collected 343 gold pieces.


Innate Abilities, Weirdness & Mutations

You have razor-sharp teeth.
Your natural rate of healing is unusually fast.
When hurt, damage is shared between your health and your magic reserves.
Your bite disrupts and absorbs the magic of your enemies.
Potions cannot restore your health.


   Skills:
 + Level 5.9 Fighting
 - Level 1.7(5.0) Short Blades
 * Level 7.4(7.6) Long Blades
 - Level 2.4 Armour
 - Level 2.6 Shields
 * Level 5.6 Invocations


You had 8 spell levels left.
You didn't know any spells.
Your spell library contained the following spells:

 Spells                   Type           Power      Damage    Failure   Level
 Magic Dart               Conj           0%         1d3       99%         1
 Summon Small Mammal      Summ           0%         N/A       99%         1
 Ensorcelled Hibernation  Hex/Ice        0%         N/A       100%        2
 Searing Ray              Conj           0%         2d4       100%        2
 Call Canine Familiar     Summ           0%         N/A       100%        3
 Hailstorm                Conj/Ice       0%         3d3       100%        3
 Summon Guardian Golem    Hex/Summ       0%         N/A       100%        3
 Fulminant Prism          Conj/Hex       0%         3d5       100%        4
 Manifold Assault         Tloc           0%         N/A       100%        4
 Dispersal                Tloc           0%         N/A       100%        6
 Disjunction              Tloc           0%         N/A       100%        8

Inventory:

Hand Weapons
 a - a +0 falchion (weapon)
   (You found it on level 2 of the Dungeon)
 d - a +0 rapier
 j - a +0 sling
   (You found it on level 1 of the Dungeon)
 k - a +1 heavy long sword
   (You found it on level 4 of the Dungeon)
 v - a +0 dagger of venom
   (You took it off a kobold on level 2 of the Dungeon)
 F - a +2 heavy scimitar
   (You found it on level 5 of the Dungeon)
Missiles
 w - 8 javelins
 B - 4 boomerangs (quivered)
Armour
 c - a +0 buckler (worn)
 i - a +0 chain mail (worn)
   (You found it on level 1 of the Dungeon)
 G - a +1 helmet (worn)
   (You found it on level 5 of the Dungeon)
Wands
 D - a wand of paralysis (7)
   (You found it on level 4 of the Dungeon)
 H - a wand of quicksilver (7)
   (You took it off an orc on level 6 of the Dungeon)
Scrolls
 b - 2 scrolls of noise
 e - a scroll of summoning
 f - 2 scrolls of blinking
 l - 2 scrolls of fog
 n - 4 scrolls of teleportation
 o - 2 scrolls of fear
 x - a scroll of vulnerability
 y - 3 scrolls of enchant weapon
 C - 2 scrolls of acquirement
 I - a scroll of identify
 J - a scroll of enchant armour
Potions
 g - 2 potions of attraction {unknown}
 h - 2 potions of haste {unknown}
 m - 3 potions of brilliance {unknown}
 p - 2 potions of mutation {unknown}
 q - 2 potions of might
 r - a potion of cancellation {unknown}
 s - 2 potions of lignification {unknown}
 t - 6 potions of curing {unknown}
 u - 2 potions of berserk rage {unknown}
 z - 5 potions of heal wounds {unknown}
 A - 3 potions of flight {unknown}
 E - a potion of degeneration {unknown}

Dungeon Overview and Level Annotations

Branches:
Dungeon (7/15)             Temple (1/1) D:5         Ossuary (visited)

Altars:
Ashenzari
Cheibriados
Dithmenos
Elyvilon
Fedhas
Gozag
Hepliaklqana
Kikubaaqudgha
Makhleb
Nemelex Xobeh
Okawaru
Qazlal
Sif Muna
Trog
Uskayaw
Vehumet
Wu Jian
Xom
Yredelemnul
Zin
The Shining One

Annotations:
D:6 1 runed translucent door and dig for treasure, exclusion: door, hgbash's ghost, novice MiFi

#.#####.# #..
#)).....# ## #..
#.......##.. .....
#..........# ...(.
#######..........
.....
.................
.....
.............###
.....
..............#
....
....##...#@.z.#
....
..........zz..(...
#####...##........
#........#.....
#....####.......
..... .......
..#.. ... ### ....


You could see 3 wights.


Message History

Your bite misses the orc zombie. You slash the orc zombie!
You destroy the orc zombie!
No target in view!
There is an open door here.
You can no longer pass through a line of other dancers.
You open the door.
There is an open door here.
You open the door.
An orc zombie comes into view.
You hit the orc zombie. You bite the orc zombie. You drain its power.
The orc zombie is severely damaged.
The orc zombie hits you but does no damage.
You hit the orc zombie.
You destroy the orc zombie!
A gnoll zombie and a water moccasin zombie come into view.
There is an open door here.
You slash the water moccasin zombie! You bite the water moccasin zombie.
You drain its power.
The water moccasin zombie is moderately damaged.
The water moccasin zombie bites you but does no damage.
You slash the water moccasin zombie! You bite the water moccasin zombie.
You drain its power.
The water moccasin zombie is heavily damaged.
The water moccasin zombie bites you.
You hit the water moccasin zombie but do no damage.
Your bite misses the water moccasin zombie.
The water moccasin zombie is heavily damaged.
The water moccasin zombie closely misses you.
The water moccasin zombie bites you but does no damage.
You hit the water moccasin zombie.
The water moccasin zombie is severely damaged.
The water moccasin zombie bites you.
You hit the water moccasin zombie.
Your bite misses the water moccasin zombie.
The water moccasin zombie is severely damaged.
The water moccasin zombie barely misses you.
You can now pass through a line of other dancers.
You closely miss the water moccasin zombie.
The water moccasin zombie is severely damaged.
The water moccasin zombie bites you but does no damage.
You hit the water moccasin zombie.
Your bite misses the water moccasin zombie.
The water moccasin zombie is severely damaged.
The water moccasin zombie bites you.
The water moccasin zombie bites you but does no damage.
You slash the water moccasin zombie!
The water moccasin zombie is almost destroyed.
The water moccasin zombie closely misses you.
You barely miss the water moccasin zombie.
You bite the water moccasin zombie.
You destroy the water moccasin zombie!
The gnoll zombie barely misses you.
There is an open door here.
You hit the gnoll zombie. You bite the gnoll zombie. You drain its power.
The gnoll zombie is moderately damaged.
The gnoll zombie barely misses you.
You hit the gnoll zombie. You bite the gnoll zombie! You drain its power.
The gnoll zombie is almost destroyed.
The gnoll zombie barely misses you.
You hit the gnoll zombie.
You destroy the gnoll zombie!
You open the door.
There is an open door here.
You can no longer pass through a line of other dancers.
You open the door. 4 adder zombies, 2 hobgoblin zombies and a water moccasin zombie come into view.
You slash the adder zombie! You bite the adder zombie.
You destroy the adder zombie!
You hit the adder zombie but do no damage.
Your bite misses the adder zombie.
The adder zombie bites you but does no damage.
You slash the adder zombie! You bite the adder zombie!
You destroy the adder zombie!
You hit the water moccasin zombie.
Your bite misses the water moccasin zombie.
The water moccasin zombie is lightly damaged.
The water moccasin zombie bites you.
You block the water moccasin zombie's attack.
You barely miss the water moccasin zombie.
Your bite misses the water moccasin zombie.
The water moccasin zombie is lightly damaged.
A kobold zombie comes into view.
The water moccasin zombie bites you but does no damage.
You barely miss the water moccasin zombie.
You bite the water moccasin zombie! You drain its power.
The water moccasin zombie is heavily damaged.
You block the water moccasin zombie's attack.
You can now pass through a line of other dancers.
You hit the water moccasin zombie. You bite the water moccasin zombie.
You drain its power.
The water moccasin zombie is heavily damaged.
You block the water moccasin zombie's attack.
You completely miss the water moccasin zombie.
Your bite misses the water moccasin zombie.
The water moccasin zombie is heavily damaged.
The water moccasin zombie bites you but does no damage.
You closely miss the water moccasin zombie.
Your bite misses the water moccasin zombie.
The water moccasin zombie is heavily damaged.
The water moccasin zombie bites you but does no damage.
You hit the water moccasin zombie but do no damage.
The water moccasin zombie is heavily damaged.
The water moccasin zombie barely misses you.
The water moccasin zombie bites you but does no damage.
You barely miss the water moccasin zombie.
The water moccasin zombie is heavily damaged.
The water moccasin zombie bites you but does no damage.
You hit the water moccasin zombie.
The water moccasin zombie is severely damaged.
The water moccasin zombie barely misses you.
You hit the water moccasin zombie.
The water moccasin zombie is severely damaged.
The water moccasin zombie barely misses you.
You hit the water moccasin zombie. You bite the water moccasin zombie.
You destroy the water moccasin zombie!
You hit the hobgoblin zombie.
The hobgoblin zombie is moderately damaged.
The hobgoblin zombie hits you but does no damage.
You hit the hobgoblin zombie but do no damage.
The hobgoblin zombie is moderately damaged.
The hobgoblin zombie barely misses you.
You hit the hobgoblin zombie. Your bite misses the hobgoblin zombie.
The hobgoblin zombie is severely damaged.
You hit the hobgoblin zombie.
You destroy the hobgoblin zombie!
You slash the adder zombie!
The adder zombie is heavily damaged.
The adder zombie bites you.
You slash the adder zombie! Your bite misses the adder zombie.
The adder zombie is almost destroyed.
The adder zombie barely misses you. You block the adder zombie's attack.
You hit the adder zombie.
You destroy the adder zombie!
You barely miss the adder zombie. You bite the adder zombie.
You drain its power.
The adder zombie is lightly damaged.
The adder zombie bites you but does no damage.
You hit the adder zombie.
The adder zombie is moderately damaged.
The adder zombie closely misses you.
You hit the adder zombie.
The adder zombie is heavily damaged.
The adder zombie completely misses you.
You closely miss the adder zombie.
The adder zombie is heavily damaged.
You block the adder zombie's attack.
You hit the adder zombie but do no damage.
Your bite misses the adder zombie.
The adder zombie is heavily damaged.
You block the adder zombie's attack.
You hit the adder zombie.
The adder zombie is almost destroyed.
The adder zombie bites you but does no damage.
You barely miss the adder zombie. You bite the adder zombie.
You destroy the adder zombie!
You slash the hobgoblin zombie! You bite the hobgoblin zombie.
You destroy the hobgoblin zombie!
Uskayaw will force your foes to helplessly watch your dance.
Uskayaw prepares the audience for your solo!
The helpless kobold zombie fails to defend itself.
You slash the kobold zombie!
You destroy the kobold zombie!
You swing at nothing.
There is an open door here.
You open the door.
There is an open door here.
You can no longer pass through a line of other dancers.
You open the door.
A kobold zombie and an adder zombie come into view.
Found a gate leading back out of this place.
You hit the kobold zombie.
The kobold zombie is severely damaged.
You slash the kobold zombie!
You destroy the kobold zombie!
You barely miss the adder zombie. You bite the adder zombie!
You drain its power.
The adder zombie is heavily damaged.
You block the adder zombie's attack.
You barely miss the adder zombie. You bite the adder zombie!
You destroy the adder zombie!
A gnoll zombie comes into view.
There is an open door here.
The gnoll zombie hits you.
You hit the gnoll zombie. You bite the gnoll zombie. You drain its power.
The gnoll zombie is heavily damaged.
The gnoll zombie hits you but does no damage.
You slash the gnoll zombie!
The gnoll zombie is almost destroyed.
The gnoll zombie completely misses you.
You barely miss the gnoll zombie. You bite the gnoll zombie.
You destroy the gnoll zombie!
You open the door.
There is an open door here.
As you open the door, it creaks loudly!
A kobold zombie and an orc zombie come into view.
A hobgoblin zombie comes into view.
The orc zombie moves out of view.
An adder zombie, a gnoll zombie and a kobold zombie come into view.
You block the adder zombie's attack. The hobgoblin zombie barely misses you.
There is an open door here.
The adder zombie attacks as you move away!
The adder zombie bites you but does no damage.
You hit the adder zombie. You bite the adder zombie! You drain its power.
The adder zombie is severely damaged.
The adder zombie closely misses you.
You slash the adder zombie!
You destroy the adder zombie!
You barely miss the kobold zombie. You bite the kobold zombie.
You drain its power.
The kobold zombie is severely damaged.
The kobold zombie barely misses you.
You hit the kobold zombie.
You destroy the kobold zombie!
You barely miss the kobold zombie. You bite the kobold zombie!
You destroy the kobold zombie!
You hit the orc zombie but do no damage.
Your bite misses the orc zombie.
The orc zombie hits you but does no damage.
You hit the orc zombie.
The orc zombie is severely damaged.
You slash the orc zombie!
You destroy the orc zombie!
You hit the hobgoblin zombie.
The hobgoblin zombie is heavily damaged.
The hobgoblin zombie completely misses you.
You slash the hobgoblin zombie!
You destroy the hobgoblin zombie!
You can now pass through a line of other dancers.
You hit the gnoll zombie. You bite the gnoll zombie! You drain its power.
The gnoll zombie is severely damaged.
You hit the gnoll zombie. You bite the gnoll zombie.
You destroy the gnoll zombie!
There is an open door here.
You open the door.
You can no longer pass through a line of other dancers.
There is an open door here.
You open the door. 2 mummies come into view.
Found a gate leading back out of this place.
You hit the mummy.
The mummy is lightly damaged.
The mummy hits you!
You hit the mummy.
The mummy is moderately damaged.
You hit the mummy. You bite the mummy. You drain its power.
You feel invigorated.
The mummy is severely damaged.
The mummy hits you!
You closely miss the mummy.
The mummy is severely damaged.
You slash the mummy!
You destroy the mummy!
You block the mummy's attack.
There is an open door here.
You hit the mummy. Your bite misses the mummy.
The mummy is moderately damaged.
The mummy completely misses you.
You can now pass through a line of other dancers.
You barely miss the mummy. Your bite misses the mummy.
The mummy is moderately damaged.
You slash the mummy!
The mummy is severely damaged.
The mummy hits you!
You completely miss the mummy. Your bite misses the mummy.
The mummy is severely damaged.
You hit the mummy.
You destroy the mummy!
There is a gate leading back out of this place here.
You open the door.
There is an open door here.
You can no longer pass through a line of other dancers.
t - 2 yellow potions (gained 1)
A - 3 fuming amethyst potions (gained 1)
m - 2 golden potions (gained 1)
t - 3 yellow potions (gained 1)
t - 5 yellow potions (gained 2)
u - 2 blue potions
y - 3 scrolls of enchant weapon (gained 1)
n - 4 scrolls labelled FAUPENL NIENO (gained 1)
t - 6 yellow potions (gained 1)
z - 5 cyan potions (gained 1)
q - 2 potions of might (gained 1)
q - 3 potions of might (gained 1) Done exploring.
There is an open door here.
There is a gate leading back out of this place here.
Welcome back to the Dungeon!
There is a collapsed entrance here.
There is an open door here.
You now have 261 gold pieces (gained 11).
You open the door.
There is an open door here.
You open the door.
There is an open door here.
You open the door.
A water moccasin comes into view.
The water moccasin hisses angrily.
There is an open door here.
You hit the water moccasin but do no damage.
You bite the water moccasin. You drain its power.
The water moccasin is lightly wounded.
The water moccasin bites you. x2
You are poisoned.
The water moccasin poisons you!
You barely miss the water moccasin. Your bite misses the water moccasin.
The water moccasin is lightly wounded.
You feel very sick.
The water moccasin bites you but does no damage.
You hit the water moccasin. You bite the water moccasin. You drain its power.
You feel invigorated.
The water moccasin is moderately wounded.
You feel sick. The water moccasin barely misses you.
The water moccasin bites you.
You are more poisoned.
The water moccasin poisons you!
You slash the water moccasin!
The water moccasin is heavily wounded.
You feel very sick.
The water moccasin bites you but does no damage.
You slash the water moccasin!
The water moccasin is almost dead.
You feel very sick.
The water moccasin completely misses you.
You can now pass through a line of other dancers.
You hit the water moccasin but do no damage.
You bite the water moccasin.
You kill the water moccasin!
You feel very sick.
Your Invocations skill increases to level 4!
You start resting.
You feel very sick.
You feel sick. x8
You are no longer poisoned.
You start resting.
Magic restored.
HP restored.
Found a shimmering altar of Xom.
Found a runed translucent door.
You open the door.
An adder comes into view.
The adder hisses angrily.
You hit the adder. You bite the adder. You drain its power.
The adder is severely wounded.
The adder bites you but does no damage.
You slash the adder!
You kill the adder!
No target in view!
There is an open door here.
You see here an adder corpse.
There is an open door here.
Found a stone staircase leading down.
There is an open door here.
There is an open door here.
There is an open door here.
m - 3 golden potions (gained 1)
Found a stone staircase leading up.
An orc comes into view. It is wielding a +0 hand axe.
An orc comes into view.
It is wielding a +2 hand axe of freezing and carrying a wand of quicksilver (8).
The orc shouts!
The orc hits you but does no damage.
You hit the orc.
The orc is moderately wounded.
The orc hits you but does no damage. The orc hits you with a +0 hand axe.
You hit the orc.
You kill the orc!
Things that are here:
a +0 hand axe; a scroll of identify; an orc corpse
Found 12 gold pieces.
The orc shouts!
The orc hits you but does no damage.
You barely miss the orc. You block the orc's attack.
You hit the orc.
The orc is lightly wounded.
You block the orc's attack.
The orc zaps a wand.
The bolt of dispelling energy hits you!!
You hit the orc. You bite the orc.
You kill the orc!
H - a wand of quicksilver (7)
You now have 276 gold pieces (gained 15).
You see here a +2 hand axe of freezing.
I - a scroll of identify
Things that are here:
a +0 hand axe; an orc corpse
As you read the scroll of identify, it crumbles to dust.
C - 2 scrolls of acquirement
There is an open door here.
You see here an adder corpse.
An orc comes into view. It is wielding a +0 club.
The orc shouts!
Hgbash's ghost turns its malevolent gaze towards you.
The orc hits you but does no damage.
You barely miss the orc. You barely miss the orc.
The orc hits you but does no damage.
You closely miss the orc. The orc hits you but does no damage.
You hit the orc.
The orc is moderately wounded.
You block the orc's attack.
You slash the orc!
You kill the orc!
You now have 287 gold pieces (gained 11).
You see here a +0 club.
Press: ? - help, v - describe, . - travel A runed translucent door.
Placed new exclusion.
Reduced exclusion size to a single square.
Press: ? - help, v - describe, . - travel
Here: hgbash's ghost, wielding a heavy weapon (fire blocked by a translucent stone wall)
The floor.
Press: ? - help, v - describe, . - travel, g - get item
Here: a +2 hand axe of chaos (fire blocked by a runed translucent door) Item here: a scroll of identify.
A shimmering altar of Xom.
Unknown command.
Hgbash's ghost whispers, "The ORB doesn't exist."
There is an open door here.
You see here an adder corpse.
Things that are here:
a +0 hand axe; an orc corpse You now have 299 gold pieces (gained 12).
You open the door.
There is an open door here.
There is an open door here.
You see here an adder corpse.
You open the door.
There is an open door here.
A scorpion comes into view.
Found 13 gold pieces.
Throw: 4 boomerangs
Press: ? - help, Q - select action, (/) - cycle Shift-Dir - straight line, f - scorpion
Aim: a scorpion (62% to hit)
You throw a boomerang.
The boomerang barely misses the scorpion.
Throw: 4 boomerangs
Press: ? - help, Q - select action, (/) - cycle Shift-Dir - straight line, f/p - scorpion
Aim: a scorpion (62% to hit)
You throw a boomerang.
The boomerang barely misses the scorpion.
Throw: 4 boomerangs
Press: ? - help, Q - select action, (/) - cycle Shift-Dir - straight line, f/p - scorpion
Aim: a scorpion (62% to hit)
You throw a boomerang.
The boomerang closely misses the scorpion.
You hit the scorpion but do no damage. The scorpion closely misses you.
You hit the scorpion.
The scorpion is moderately wounded.
The scorpion stings you.
You slash the scorpion!
The scorpion is severely wounded.
The scorpion stings you.
You are poisoned.
The scorpion poisons you!
The scorpion stings you but does no damage.
You can now pass through a line of other dancers.
You hit the scorpion.
The scorpion is severely wounded.
You feel very sick. The scorpion stings you.
You are more poisoned.
The scorpion poisons you!
You slash the scorpion!
You kill the scorpion!
You feel very sick.
You feel very sick.
You feel sick.
You feel sick.
You feel sick.
You feel sick.
You feel sick.
You feel sick.
You feel sick.
You feel sick.
You feel sick.
You are no longer poisoned.
You now have 312 gold pieces (gained 13).
You open the door.
There is an open door here.
You open the door.
There is an open door here.
An iguana comes into view.
The iguana hisses angrily.
You barely miss the iguana. You bite the iguana. You drain its power.
The iguana is moderately wounded.
The iguana bites you but does no damage.
You closely miss the iguana.
The iguana is moderately wounded.
The iguana barely misses you.
You hit the iguana but do no damage. You bite the iguana, but do no damage.
The iguana is moderately wounded.
The iguana bites you.
You hit the iguana. Your bite misses the iguana.
The iguana is heavily wounded.
The iguana bites you but does no damage.
You hit the iguana. Your bite misses the iguana.
The iguana is almost dead.
The iguana bites you but does no damage.
You hit the iguana.
You kill the iguana!
You can now pass through a line of other dancers.
No target in view!
You open the door.
There is an open door here.
You open the door.
There is an open door here.
You open the door.
There is an open door here.
You open the door.
There is an open door here.
You open the door.
There is an open door here.
As you open the door, it creaks loudly!
There is an open door here.
A white imp comes into view.
The white imp hits you but does no damage.
You hit the white imp but do no damage.
The white imp hits you but does no damage.
You hit the white imp but do no damage. Your bite misses the white imp.
The white imp closely misses you.
You barely miss the white imp. The white imp gestures at you.
The puff of frost hits you!
You closely miss the white imp. The white imp hits you.
The white imp freezes you.
You hit the white imp. Your bite misses the white imp.
The white imp is lightly wounded.
You block the white imp's attack.
You hit the white imp. You bite the white imp.
You kill the white imp!
No target in view!
I - a scroll of identify
There are no items here.
As you read the scroll of identify, it crumbles to dust.
n - 4 scrolls of teleportation You open the door.
There is an open door here.
There is an open door here.
You open the door.
There is an open door here.
There is an open door here.
There is an open door here.
You open the door. You open the door.
There is an open door here.
A scorpion comes into view.
Throw: 4 boomerangs
Press: ? - help, Q - select action, (/) - cycle Shift-Dir - straight line, f - scorpion
Aim: a scorpion (62% to hit)
You throw a boomerang.
The boomerang hits the scorpion but does no damage.
Throw: 4 boomerangs
Press: ? - help, Q - select action, (/) - cycle Shift-Dir - straight line, f/p - scorpion
Aim: a scorpion (62% to hit)
You throw a boomerang.
The boomerang closely misses the scorpion.
You barely miss the scorpion.
The scorpion stings you but does no damage.
You hit the scorpion.
The scorpion is lightly wounded.
The scorpion stings you but does no damage.
You barely miss the scorpion.
The scorpion is lightly wounded.
You block the scorpion's attack.
You barely miss the scorpion.
The scorpion is lightly wounded.
The scorpion barely misses you. You block the scorpion's attack.
You slash the scorpion! Your bite misses the scorpion.
The scorpion is heavily wounded.
The scorpion stings you but does no damage.
You barely miss the scorpion.
The scorpion is heavily wounded.
You block the scorpion's attack.
You hit the scorpion but do no damage.
The scorpion is heavily wounded.
The scorpion barely misses you.
You closely miss the scorpion.
The scorpion is heavily wounded.
The scorpion stings you but does no damage.
You closely miss the scorpion.
You bite the scorpion, but do no damage.
The scorpion is heavily wounded.
The scorpion stings you but does no damage.
You hit the scorpion. You bite the scorpion. You drain its power.
The scorpion is almost dead.
The scorpion barely misses you.
You can now pass through a line of other dancers.
You hit the scorpion.
You kill the scorpion!
No target in view! 2 orcs and 2 orc priests come into view.
An orc is wielding a +2 falchion of protection.
The orc shouts! x2; The orc priest shouts! x2
You can no longer pass through a line of other dancers.
There is an open door here.
You start waiting.
An orc is nearby!
You hit the orc. You bite the orc, but do no damage.
The orc is heavily wounded.
The orc hits you with a +2 falchion of protection.
You slash the orc!
You kill the orc!
The orc priest hits you but does no damage.
There is an open door, spattered with blood here.
Things that are here:
a +2 falchion of protection; an orc corpse You hit the orc priest.
You bite the orc priest! You drain its power.
The orc priest is severely wounded.
The orc hits you with a +0 whip. The orc priest barely misses you. x2
You can now pass through a line of other dancers.
You hit the orc priest. Your bite misses the orc priest.
The orc priest is almost dead.
The orc barely misses you.
The orc priest mumbles some strange prayers to Beogh against you.
You resist with significant effort. The orc priest barely misses you.
You hit the orc priest.
You kill the orc priest!
You block the orc's attack.
The orc priest hits you but does no damage.
You barely miss the orc priest. The orc barely misses you.
The orc priest looks encouraged for a moment.
You hit the orc priest but do no damage.
You bite the orc priest! You drain its power.
The orc priest is severely wounded.
The orc hits you with a +0 whip.
The orc priest hits you but does no damage.
Uskayaw will force your foes to helplessly watch your dance.
Uskayaw prepares the audience for your solo!
The helpless orc priest fails to defend itself.
You slash the orc priest!
You kill the orc priest!
The helpless orc fails to defend itself.
You hit the orc. You bite the orc. You drain its power.
The orc is heavily wounded.
The orc is no longer paralysed.
The orc hits you but does no damage.
You hit the orc but do no damage. You bite the orc. You drain its power.
The orc is severely wounded.
The orc closely misses you.
You hit the orc but do no damage.
The orc is severely wounded.
The orc barely misses you.
You hit the orc.
You kill the orc!
Your Long Blades skill increases to level 7!
Things that are here:
a +0 whip; a +0 chain mail; an orc corpse You see here a +0 club.
Things that are here:
a +0 whip; an orc corpse You open the door.
There is an open door here.
You open the door.
There is an open door here.
There is an open door here.
Found a stone staircase leading down.
You open the door. You open the door.
There is an open door here.
You open the door.
Found a leather armour.
There is an open door here.
You open the door.
There is an open door here.
There is an open door here.
There is an open door here.
You open the door.
There is an open door here.
There is an open door, spattered with blood here.
Things that are here:
a +2 falchion of protection; an orc corpse
Things that are here:
a +0 whip; an orc corpse You open the door.
There is an open door here.
Partly explored, can't reach some items.
Partly explored, can't reach some items.
Things that are here:
a +0 whip; an orc corpse
There is an open door, spattered with blood here.
Things that are here:
a +2 falchion of protection; an orc corpse
There is an open door here.
There is an open door here.
There is an open door here.
Annotate which branch? (. - D:6, ? - help, ! - show branch list) Current level annotation: 1 runed translucent door New annotation for D:6 (include '!' for warning): 1 runed translucent door and dig for treasure Partly explored, can't reach some items.
There is an open door here.
There is an open door here.
There is a stone staircase leading down here.
You climb downwards.
Found a scroll of identify and a ring mail.
There is a stone staircase leading up here.
I - a scroll of identify You see here a +0 ring mail.
An orc wizard comes into view. It is wielding a +0 dagger.
The orc wizard shouts!
You hear a shout!
Something shouts, "Slither away, thou paunchy onion-eyed brigand!"
You hear a shout!
The orc wizard gestures at you while chanting.
The puff of flame hits you but does no damage.
You start waiting.
An orc wizard is nearby!
You hit the orc wizard but do no damage.
Your bite misses the orc wizard. You block the orc wizard's attack.
You hit the orc wizard. You bite the orc wizard!
The orc wizard's magic leaks into the air.
You drain its magic.
The orc wizard is severely wounded.
You hit the orc wizard. You bite the orc wizard.
You kill the orc wizard!
Things that are here:
a +0 dagger; a +0 robe; an orc corpse
Found 5 stones.
Found a club.
An orc warrior comes into view. It is wielding a +0 halberd.
The orc warrior shouts!
The orc warrior unwields a +0 halberd.
The orc warrior wields a +0 arbalest.
The orc warrior shoots a bolt.
The bolt closely misses you.
You start waiting.
An orc warrior is nearby!
An orc wizard, an orc and a centaur come into view.
The orc wizard is wielding a +0 dagger of freezing.
The orc wizard shouts!
The orc shouts!
The centaur shouts!
The orc warrior unwields a +0 arbalest.
The orc warrior wields a +0 halberd.
You block the orc warrior's attack.
The orc wizard casts a spell.
The orc wizard flickers and vanishes!
Deactivating autopickup; reactivate with Ctrl-A.
You hit the orc warrior but do no damage.
The orc warrior hits you with a +0 halberd.
You hit the orc warrior but do no damage.
You bite the orc warrior. You drain its power.
The orc warrior is lightly wounded.
You block the orc warrior's attack.
You hit the orc warrior but do no damage.
The orc warrior is lightly wounded.
You closely miss the orc warrior. Your bite misses the orc warrior.
The orc warrior is lightly wounded.
The centaur closely misses you. The centaur barely misses you.
The orc warrior hits you with a +0 halberd.
You closely miss the orc warrior.
The orc warrior is lightly wounded.
The centaur closely misses you. You block the centaur's attack.
You block the orc warrior's attack.
You hit the orc warrior but do no damage.
The orc warrior is lightly wounded.
The centaur hits you but does no damage.
The centaur kicks you but does no damage.
A white imp comes into view.
The centaur hits you. You block the centaur's attack.
The orc warrior barely misses you.
You slash the orc warrior!
The orc warrior is moderately wounded.
The centaur hits you but does no damage.
The centaur kicks you but does no damage.
The orc warrior hits you but does no damage.
You feel very mighty all of a sudden. The centaur completely misses you.
The centaur kicks you but does no damage.
The centaur hits you. The centaur barely misses you.
The orc warrior hits you but does no damage.
You barely miss the orc warrior. You bite the orc warrior! You drain its power.
You feel invigorated.
The orc warrior is severely wounded.
You block the centaur's attack.
The centaur kicks you but does no damage.
The orc warrior hits you with a +0 halberd.
You can now pass through a line of other dancers.
You hit the orc warrior. You bite the orc warrior. You drain its power.
You feel invigorated.
The orc warrior is almost dead.
The centaur completely misses you. The centaur barely misses you.
The centaur hits you but does no damage.
The centaur closely misses you. The orc warrior barely misses you.
You closely miss the orc warrior. You bite the orc warrior.
You kill the orc warrior!
The centaur barely misses you. The centaur closely misses you.
Your Invocations skill increases to level 5!
You completely miss the centaur. You block the centaur's attack.
The centaur kicks you but does no damage.
You block the centaur's attack.
The centaur kicks you but does no damage.
Unknown command.
You hit the centaur.
The centaur is moderately wounded.
The centaur hits you but does no damage.
The centaur barely misses you.
You barely miss the centaur.
The centaur is moderately wounded.
The centaur barely misses you. You block the centaur's attack.
The centaur closely misses you.
The centaur kicks you but does no damage.
You hit the centaur. Your bite misses the centaur.
The centaur is moderately wounded.
The centaur barely misses you.
The centaur kicks you but does no damage.
Uskayaw will force your foes to helplessly watch your dance.
Uskayaw prepares the audience for your solo!
The helpless centaur fails to defend itself.
You hit the centaur but do no damage. You bite the centaur!
You drain its power.
The centaur is almost dead.
The helpless centaur fails to defend itself.
You slash the centaur!
You kill the centaur!
The white imp is no longer paralysed.
The orc is no longer paralysed.
You have reached level 9!
Your experience leads to an increase in your attributes!
Increase (S)trength, (I)ntelligence, or (D)exterity?
You feel agile. x2
You completely miss the orc. You slash the orc!
You kill the orc!
Something hits you. Something freezes you.
Uskayaw will force your foes to share their pain.
Uskayaw links your audience in an emotional bond!
You slash something!
Reactivating autopickup.
You feel a bit more experienced.
You closely miss the white imp.
The white imp is almost dead.
The white imp gestures at you. The puff of frost misses you.
You slash the white imp!
You kill the white imp!
I - 2 scrolls of identify (gained 1)
Items here: )) [ †.
Okay, then.
Items here: ))) [ ††.
Magic restored.
Items here: )) [ †.
You now have 325 gold pieces (gained 13).
A wight comes into view. It is wielding a +4 spear of freezing.
You feel a little less mighty now.
Items here: )) [ †.
Items here: ))) [ ††.
The wight barely misses you.
You barely miss the wight.
The wight hits you with a +4 spear of freezing.
You feel drained. The wight freezes you.
You hit the wight.
The wight is moderately damaged.
The wight closely misses you.
You barely miss the wight.
The wight is moderately damaged.
The wight hits you with a +4 spear of freezing.
The wight freezes you.
You hit the wight.
The wight is heavily damaged.
The wight hits you with a +4 spear of freezing.
You feel drained. The wight freezes you.
You closely miss the wight. You bite the wight. You drain its power.
You feel invigorated.
The wight is severely damaged.
The wight closely misses you.
You can now pass through a line of other dancers.
You hit the wight but do no damage.
The wight is severely damaged.
The wight hits you with a +4 spear of freezing.
The wight freezes you.
You hit the wight but do no damage. You bite the wight.
You destroy the wight!
Your life force feels restored.
J - a scroll labelled VOWNUCV GEXT
Things that are here:
a +4 spear of freezing; a +0 robe HP restored.
A phantom comes into view.
As you read the scroll of identify, it crumbles to dust.
J - a scroll of enchant armour You hit the phantom.
The phantom is lightly damaged.
You block the phantom's attack.
You hit the phantom. You bite the phantom! You drain its power.
The phantom is almost destroyed.
The phantom hits you.
The phantom blinks!
You blink.
You closely miss the phantom. You bite the phantom. You drain its power.
You feel invigorated.
The phantom is almost destroyed.
You can now pass through a line of other dancers.
You closely miss the phantom. Your bite misses the phantom.
The phantom is almost destroyed.
The phantom hits you but does no damage.
You hit the phantom but do no damage. You bite the phantom.
You destroy the phantom!
No target in view!
You now have 343 gold pieces (gained 18).
Items here: ))) [ ††.
Items here: )) [ †.
Found a stone staircase leading down.
Found a stone staircase leading down.
Found a war axe.
Found a robe.
You see here a +0 robe.
A gnoll comes into view. It is wielding a +0 spear.
The gnoll shouts!
You hear a shout!
You hear an angry hiss.
You see here a +0 robe.
The gnoll barely misses you. The gnoll hits you but does no damage.
You closely miss the gnoll. You bite the gnoll. You drain its power.
The gnoll is heavily wounded.
The gnoll hits you with a +0 spear.
You hit the gnoll. You bite the gnoll.
You kill the gnoll!
A gnoll comes into view. It is wielding a +0 flail.
Things that are here:
a +0 spear; a +0 robe; a gnoll corpse The gnoll shouts!
A gnoll comes into view. It is wielding a +0 flail.
The gnoll shouts!
You barely miss the gnoll. You block the gnoll's attack.
A gnoll comes into view. It is wielding a +0 flail.
You hit the gnoll.
The gnoll is moderately wounded.
The gnoll hits you but does no damage.
You hit the gnoll.
The gnoll is severely wounded.
The gnoll hits you with a +0 flail. x2
You can now pass through a line of other dancers.
You hit the gnoll. You bite the gnoll.
You kill the gnoll!
You block the gnoll's attack.
You hit the gnoll. You bite the gnoll, but do no damage.
The gnoll is moderately wounded.
The gnoll hits you with a +0 flail!
You closely miss the gnoll. Your bite misses the gnoll.
The gnoll is moderately wounded.
The gnoll closely misses you.
You hit the gnoll but do no damage.
The gnoll is moderately wounded.
You block the gnoll's attack.
You hit the gnoll. You bite the gnoll.
You kill the gnoll!
The gnoll hits you with a +0 flail!
Uskayaw will force your foes to helplessly watch your dance.
Uskayaw prepares the audience for your solo!
The helpless gnoll fails to defend itself.
You slash the gnoll! You bite the gnoll.
You kill the gnoll!
Items here: )) ††.
Found 8 stones.
You see here a +0 flail.
A shadow imp comes into view.
The shadow imp shouts!
You completely miss the shadow imp. Your bite misses the shadow imp.
The shadow imp hits you but does no damage.
You closely miss the shadow imp.
You bite the shadow imp, but do no damage.
You block the shadow imp's attack.
You barely miss the shadow imp. You bite the shadow imp!
The shadow imp's magic leaks into the air.
You drain its magic.
The shadow imp is severely wounded.
You block the shadow imp's attack.
You closely miss the shadow imp. You bite the shadow imp.
You kill the shadow imp!
A wight comes into view. It is wielding a +0 war axe.
You hit the wight. You bite the wight, but do no damage.
The wight is moderately damaged.
The wight hits you with a +0 war axe!
You feel drained.
You hit the wight but do no damage.
The wight is moderately damaged.
The wight barely misses you.
A wight comes into view. It is wielding a +1 great sword.
You hit the wight. You bite the wight, but do no damage.
The wight is severely damaged.
The wight hits you with a +0 war axe!
You can now pass through a line of other dancers.
You closely miss the wight.
The wight is severely damaged.
You block the wight's attack.
You closely miss the wight. You bite the wight, but do no damage.
The wight is severely damaged.
The wight hits you but does no damage.
You hit the wight but do no damage. You bite the wight. You drain its power.
You feel invigorated.
The wight is severely damaged.
A wight comes into view. It is wielding a +1 vampiric rapier.
The wight hits you with a +0 war axe.
You feel drained.
You hit the wight but do no damage. You bite the wight, but do no damage.
The wight is severely damaged.
The wight hits you with a +1 great sword!
You feel drained. The wight closely misses you.
Unknown command.
You hit the wight but do no damage.
The wight is severely damaged.
The wight hits you with a +0 war axe.
You feel drained.
The wight hits you with a +1 great sword!
You hit the wight but do no damage.
The wight is severely damaged.
You block the wight's attack. The wight hits you but does no damage.
You hit the wight but do no damage.
The wight is severely damaged.
The wight hits you with a +0 war axe. The wight hits you but does no damage.
Unknown command.
You closely miss the wight. Your bite misses the wight.
The wight is severely damaged.
The wight hits you with a +1 great sword!!
* * * LOW HITPOINT WARNING * * *
You feel drained.
You die...

Skill      XL: |  1  2  3  4  5  6  7  8 |
---------------+-------------------------+-----
Long Blades    | 1 2 3 4 5 7 |  7.4
Fighting       | 3 4 5 |  5.9
Invocations    | 2 5 |  5.6
Short Blades   | |  1.7
Armour         | |  2.4
Shields        | |  2.6

Action                     |  1- 3 |  4- 6 |  7- 9 || total
---------------------------+-------+-------+-------++-------
  Melee: Rapier            |   124 |   160 |    93 ||   377
         Bite              |    23 |    54 |   107 ||   184
         Falchion          |       |       |   243 ||   243
  Throw: Javelin           |       |     2 |       ||     2
         Boomerang         |       |     1 |    10 ||    11
  Evoke: Wand              |       |       |     1 ||     1
    Use: Scroll            |       |     5 |     5 ||    10
         Potion            |       |       |     1 ||     1
   Stab: Paralysed         |       |       |    13 ||    13
 Armour: Chain mail        |    72 |    57 |   122 ||   251
         Scale mail        |     1 |       |       ||     1
  Dodge: Dodged            |    36 |    44 |    90 ||   170
  Block: Buckler           |    30 |    27 |    54 ||   111

Levels and vault maps discovered:
D:1:      lightli_arrival_chessboard, layout_basic
D:2:      layout_loops_cross, chequers_ecumenical_altar_lobes,
          grunt_decor_clamped, dreamdust_mushroom_princess
D:3:      layout_loops_corners, hellmonk_ghost_happy_afterlife,
          grunt_ministairs_6, minmay_checkerbox, uniq_jessica
D:4:      layout_rooms, nicolae_ashenzari_skybound
D:5:      layout_loops_ring, minmay_temple_entry_stoned_glass, minmay_pentangle,
          uniq_ijyb
D:6:      layout_gridville, ebering_ghost_xom, enter_ossuary_5,
          due_unseen_surprise
D:7:      layout_rooms
Temple:   nicolae_temple_slightly_damp_pantheon

Notes
Turn   | Place    | Note
-------+----------+-------------------------------------------
     0 | D:1      | scionoferis the Vine Stalker Fighter began the quest for
                  | the Orb.
     0 | D:1      | Reached XP level 1. HP: 11/11 MP: 2/2
   177 | D:1      | Reached skill level 1 in Long Blades
   177 | D:1      | Reached XP level 2. HP: 16/16 MP: 3/3
   239 | D:1      | Reached skill level 3 in Fighting
   382 | D:1      | Reached XP level 3. HP: 20/20 MP: 2/4
   688 | D:2      | Reached skill level 2 in Long Blades
  1290 | D:2      | Gained mutation: Your natural rate of healing is unusually
                  | fast. [Vine Stalker growth]
  1290 | D:2      | Reached XP level 4. HP: 24/24 MP: 5/5
  1410 | D:2      | Found a faded altar of an unknown god.
  1622 | D:3      | Noticed relicbr's ghost (amateur SpDe)
  1627 | D:3      | Found a runed translucent door.
  1647 | D:3      | Reached skill level 3 in Long Blades
  1682 | D:3      | Noticed Jessica
  1688 | D:3      | Killed Jessica
  1689 | D:3      | Reached XP level 5. HP: 28/28 MP: 6/6
  2400 | D:3      | Killed relicbr's ghost
  2478 | D:4      | Found a broken altar of Ashenzari.
  2496 | D:4      | Noticed an ogre
  2543 | D:3      | Reached skill level 4 in Fighting
  2543 | D:3      | Reached skill level 4 in Long Blades
  2543 | D:3      | Reached XP level 6. HP: 18/33 MP: 4/7
  2999 | D:5      | Entered Level 5 of the Dungeon
  3093 | D:5      | Reached skill level 5 in Long Blades
  3142 | D:5      | Reached XP level 7. HP: 36/38 MP: 6/8
  3204 | D:5      | Found a staircase to the Ecumenical Temple.
  3226 | Temple   | Entered the Ecumenical Temple
  3411 | Temple   | Became a worshipper of Uskayaw the Reveller
  3530 | D:5      | Reached * piety under Uskayaw
  3537 | D:5      | Reached ** piety under Uskayaw
  3544 | D:5      | Reached skill level 1 in Invocations
  3624 | D:5      | Noticed Ijyb
  3633 | D:5      | Killed Ijyb
  3792 | D:5      | Reached skill level 2 in Invocations
  3895 | D:5      | Reached *** piety under Uskayaw
  3965 | D:5      | Reached **** piety under Uskayaw
  3975 | D:5      | Reached ***** piety under Uskayaw
  4056 | D:5      | Got Towon's Papyrus of Hoarfrost
  4292 | D:6      | Reached skill level 5 in Fighting
  4292 | D:6      | Gained mutation: You have razor-sharp teeth. [Vine Stalker
                  | growth]
  4292 | D:6      | Reached XP level 8. HP: 43/43 MP: 11/11
  4304 | D:6      | Reached skill level 6 in Long Blades
  4336 | D:6      | Reached skill level 3 in Invocations
  4377 | D:6      | Found a sand-covered staircase.
  4383 | Ossuary  | Entered an ossuary
  4634 | D:6      | Reached skill level 4 in Invocations
  4678 | D:6      | Found a runed translucent door.
  4678 | D:6      | Found a shimmering altar of Xom.
  4678 | D:6      | Noticed hgbash's ghost (novice MiFi)
  4796 | D:6      | Identified 2 scrolls of acquirement
  4803 | D:6      | Noticed a +2 hand axe of chaos
  5155 | D:6      | Reached skill level 7 in Long Blades
  5405 | D:7      | Reached skill level 5 in Invocations
  5411 | D:7      | Reached XP level 9. HP: 48/48 MP: 13/13
  5636 | D:7      | Slain by a wight

Vanquished Creatures
  A water moccasin (D:6)
  An orc warrior (D:7)
  A sky beast (D:6)
  2 ice beasts (D:5)
  An ogre (D:4)
  A centaur (D:7)
  A phantom (D:7)
  The ghost of relicbr the Sneak, an amateur SpDe (D:3)
  2 scorpions (D:6)
  2 water moccasin zombies (Ossuary)
  A wight (D:7)
  4 jellies (D:5)
  2 orc priests (D:6)
  A gnoll bouda (D:5)
  A hound (D:5)
  Ijyb (D:5)
  Jessica (D:3)
  A sleepcap (D:6)
  5 iguanas (D:3 D:4 D:5 D:6)
  2 orc wizards (D:7)
  2 mummies (Ossuary)
  7 gnolls (D:5 D:7)
  7 adders (D:2 D:3 D:4 D:6)
  3 shadow imps (D:5 D:7)
  3 white imps (D:5 D:6 D:7)
  7 adder zombies (Ossuary)
  A worm (D:3)
  7 dart slugs (D:1 D:2 D:3 D:4 D:5)
  15 orcs (D:3 D:4 D:5 D:6 D:7)
  8 bats (D:1 D:3)
  8 endoplasms (D:1 D:2 D:4)
  A giant cockroach (D:3)
  4 gnoll zombies (Ossuary)
  8 goblins (D:1 D:2)
  2 hobgoblins (D:1 D:2)
  6 jackals (D:5)
  3 quokkas (D:1 D:2 D:4)
  5 ball pythons (D:1 D:2 D:3)
  5 frilled lizards (D:1 D:3)
  3 hobgoblin zombies (Ossuary)
  5 kobolds (D:1 D:2)
  6 kobold zombies (Ossuary)
  4 orc zombies (Ossuary)
  5 rats (D:1 D:2 D:3)
157 creatures vanquished.

Vanquished Creatures (others)
  6 fungi (D:2)
  6 plants (D:2)
12 creatures vanquished.

Grand Total: 169 creatures vanquished

Table legend: (Time is in decaauts)
 A = Elapsed time spent in this place.
 B = Non-inter-level travel time spent in this place.
 C = Inter-level travel time spent in this place.
 D = Time resting spent in this place.
 E = Time spent auto-exploring this place.
 F = Levels seen in this place.
 G = Mean time per level.
                   A        B        C        D        E       F      G
               +--------+--------+--------+--------+--------+-----+--------+
         Total |   5679 |   5408 |    271 |     82 |   3840 |   9 |  631.0 |
       Dungeon |   5284 |   5039 |    245 |     82 |   3688 |   7 |  754.9 |
        Temple |    195 |    169 |     26 |      0 |    147 |   1 |  195.0 |
       Ossuary |    198 |    198 |      0 |      0 |      5 |   1 |  198.0 |
               +--------+--------+--------+--------+--------+-----+--------+

Top non-repeatable levels by time:
     D:5: 1092 daAuts
     D:3: 939 daAuts
     D:2: 924 daAuts
     D:6: 875 daAuts
     D:1: 651 daAuts
     D:4: 515 daAuts
     D:7: 286 daAuts
 Ossuary: 198 daAuts
  Temple: 195 daAuts

Table legend:
 A = Non-vault XP
 B = Vault XP
 C = Vault XP percentage of total XP
 D = Non-vault monster count
 E = Vault monster count
 F = Vault count percentage of total count
                 A         B        C        D         E       F
            +---------+---------+-------+---------+---------+-------
      Total |    2059 |     664 |  24.4 |     111 |      46 |  29.3
            +---------+---------+-------+---------+---------+-------
        D:1 |      38 |       0 |   0.0 |      23 |       0 |   0.0
        D:2 |      65 |       0 |   0.0 |      21 |       0 |   0.0
        D:3 |      78 |     144 |  64.9 |      12 |       8 |  40.0
        D:4 |     182 |       0 |   0.0 |       7 |       0 |   0.0
        D:5 |     406 |     274 |  40.3 |      14 |      10 |  41.7
        D:6 |     717 |       0 |   0.0 |      21 |       0 |   0.0
        D:7 |     573 |       0 |   0.0 |      13 |       0 |   0.0
    Ossuary |       0 |     246 | 100.0 |       0 |      28 | 100.0
            +---------+---------+-------+---------+---------+-------
